 Dungeon Crawl Stone Soup version 0.17.0-28-g6e173f8 (webtiles) character file.

116 gorblad the Skirmisher (level 4, 0/39 HPs)
             Began as a Demonspawn Gladiator on Dec 2, 2015.
             Was an Initiate of Nemelex Xobeh.
             Slain by a gnoll (2 damage)
             ... on level 3 of the Dungeon.
             The game lasted 00:05:49 (1900 turns).

gorblad the Skirmisher (Demonspawn Gladiator)       Turns: 1900, Time: 00:05:49

Health: 0/39       AC:  6    Str: 17    XL:     4   Next: 70%
Magic:  0/4        EV: 12    Int:  9    God:    Nemelex Xobeh [......]
Gold:   92         SH:  0    Dex: 13    Spells: 0 memorised, 3 levels left

rFire  . . .     SeeInvis .     a - +0 quarterstaff
rCold  . . .     Clarity  .     b - +0 leather armour
rNeg   . . .     SustAt   .     (shield currently unavailable)
rPois  .         Gourm    .     c - +1 helmet
rElec  .         Spirit   +     o - +0 cloak
rCorr  .         Warding  .     (no gloves)
rMut   .         Stasis   .     (no boots)
MR     .....                    j - amulet of faith
Stlth  +.........               (no ring)
                                (no ring)

@: not resistant to hostile enchantments, very unstealthy
A: talons 1, magic shield
a: Renounce Religion


You were on level 3 of the Dungeon.
You worshipped Nemelex Xobeh.
Nemelex Xobeh was noncommittal.
You were not hungry.

You visited 1 branch of the dungeon, and saw 3 of its levels.

You collected 92 gold pieces.

Inventory:

Hand Weapons
 a - a +0 quarterstaff (weapon)
Missiles
 d - 3 throwing nets (quivered)
 f - 3 exploding tomahawks
Armour
 b - a +0 leather armour (worn)
 c - a +1 helmet (worn)
 o - a +0 cloak (worn)
Jewellery
 j - an amulet of faith (around neck)
Scrolls
 k - a scroll of remove curse
Miscellaneous
 h - a plain deck of destruction {drawn: 1}
Comestibles
 e - 5 bread rations
 m - a meat ration
 n - 14 chunks of flesh


   Skills:
 + Level 5.0 Fighting
 - Level 2.6 Staves
 - Level 1.7 Throwing
 - Level 2.7 Dodging


You had 3 spell levels left.
You didn't know any spells.

Dungeon Overview and Level Annotations

Branches:
Dungeon (3/15)

Altars:
Nemelex Xobeh
Okawaru
Xom


Innate Abilities, Weirdness & Mutations

You have sharp toenails.
When hurt, damage is shared between your health and your magic reserves.


Message History

You kill the gnoll!
Your Fighting skill increases to level 5!
The gnoll throws a throwing net.
The throwing net completely misses you.
You hit the gnoll.
The gnoll is lightly wounded.
The gnoll closely misses you.
You hit the gnoll but do no damage.
The gnoll is lightly wounded.
The giant newt bites you.
* * * LOW HITPOINT WARNING * * *
The gnoll hits you but does no damage.
You hit the gnoll.
The gnoll is lightly wounded.
The giant newt bites you but does no damage.
The gnoll hits you but does no damage.
You hit the gnoll.
The gnoll is moderately wounded.
The giant newt completely misses you. The gnoll hits you.
You die...
Your body disappears without a glow.

..#......# #.#g##.#.#
#.#......# #
#.#.##.###.### #.#
#).......# #.#
#gg..#.#.# ###### #.#
#.#.##
#####....#####.###.#.##
................@lg...#
.........###....g#.####
.........##....#.#...
.........##....#.#####
.........##.##.#.#
........###. #.#..
........# #. #.#.#
.######## #. #.### .#
..


You could see 2 gnolls and a giant newt.

Vanquished Creatures
  An orc wizard (D:3)
  2 gnolls (D:3)
  3 adders
  A worm (D:2)
  2 giant geckos
  5 orcs (D:3)
  4 hobgoblins (D:1)
  A ball python (D:3)
  5 bats
  A giant newt (D:2)
  4 goblins
  4 kobolds
  A quokka (D:2)
  7 rats
41 creatures vanquished.

Notes
Turn   | Place    | Note
--------------------------------------------------------------
     0 | D:1      | gorblad the Demonspawn Gladiator began the quest for the Orb.
     0 | D:1      | Reached XP level 1. HP: 16/16 MP: 1/1
   419 | D:1      | Gained mutation: You have sharp toenails. [demonic ancestry]
   419 | D:1      | Reached XP level 2. HP: 21/23 MP: 2/2
   770 | D:2      | Reached skill level 3 in Fighting
   831 | D:2      | Found a shimmering altar of Xom.
   831 | D:2      | Found a sparkling altar of Nemelex Xobeh.
   832 | D:2      | Found an iron altar of Okawaru.
   918 | D:2      | Gained mutation: When hurt, damage is shared between your health and your magic reserves. [demonic ancestry]
   918 | D:2      | Reached XP level 3. HP: 16/29 MP: 3/3
  1524 | D:2      | Found a sparkling altar of Nemelex Xobeh.
  1530 | D:2      | Became a worshipper of Nemelex Xobeh the Trickster
  1710 | D:3      | Reached skill level 4 in Fighting
  1710 | D:3      | Reached XP level 4. HP: 25/38 MP: 2/4
  1725 | D:3      | Received a gift from Nemelex Xobeh
  1888 | D:3      | HP: 1/38 [gnoll/flail (7)]
  1896 | D:3      | Reached skill level 5 in Fighting
  1898 | D:3      | HP: 1/39 [giant newt (1)]
  1900 | D:3      | Slain by a gnoll

Action                   |  1- 3 |  4- 6 || total
-------------------------+-------+-------++-------
Melee: Quarterstaff      |   122 |    45 ||   167
Evoke: Deck              |       |     1 ||     1
  Use: Scroll            |     5 |       ||     5
       Potion            |       |     2 ||     2
  Eat: Chunk             |     3 |       ||     3
